 Dungeon Crawl Stone Soup version 0.21-a0-201-g8501b10 (webtiles) character file.

1263 Lavandula the Grappler (level 8, 0/63 HPs)
             Began as a Ghoul Ice Elementalist on Aug 18, 2017.
             Was a Believer of Cheibriados.
             Slain by a hippogriff (5 damage)
             ... on level 10 of the Dungeon.
             The game lasted 00:24:18 (3325 turns).

Lavandula the Grappler (Ghoul Ice Elementalist)     Turns: 3325, Time: 00:24:19

Health: 0/63       AC:  2    Str: 19      XL:     8   Next: 52%
Magic:  12/12      EV: 12    Int: 15      God:    Cheibriados [**....]
Gold:   73         SH:  0    Dex: 13 (14) Spells: 3/13 levels left

rFire    + . .     SeeInvis .     - Unarmed
rCold    + + .     Gourm    .   (no shield)
rNeg     + + +     Faith    .   e - +0 robe {rC+ rF+}
rPois    ∞         Spirit   .   (no helmet)
rElec    .         Reflect  .   (no cloak)
rCorr    .         Harm     .   (no gloves)
MR       .....                  (no boots)
Stlth    +.........             (no amulet)
HPRegen  0.00/turn              i - +3 ring of strength
MPRegen  0.13/turn              (no ring)

@: confused, very slightly contaminated, rotting, invisible, very slow
A: rotting body, claws 1, carnivore 3, cold resistance 1, negative energy
resistance 3, inhibited regeneration, torment resistance, unbreathing
a: Bend Time, Renounce Religion


You were on level 10 of the Dungeon.
You worshipped Cheibriados.
Cheibriados was pleased with you.
You were not hungry.

You visited 1 branch of the dungeon, and saw 8 of its levels.
You also visited: Ossuary.

You collected 203 gold pieces.
You spent 130 gold pieces at shops.

Inventory:

Missiles
 q - 3 javelins (quivered)
Armour
 e - a +0 robe of resistance (worn)
 g - a +0 leather armour
 v - the cursed +0 scale mail of the Red Skies {Dex+3, unknown}
   (You found it on level 7 of the Dungeon)

   It affects your dexterity (+3).
   It has a curse placed upon it.
Jewellery
 i - a +3 ring of strength (left claw)
Wands
 h - a wand of random effects (26/48)
 x - a wand of iceblast (8/15)
Scrolls
 a - a scroll of teleportation
 j - a scroll of remove curse {unknown}
 k - a scroll of noise {unknown}
 l - 3 scrolls of recharging
 m - a scroll of fog {unknown}
Potions
 d - a potion of ambrosia
 f - a potion of flight {unknown}
 o - a potion of might {unknown}
 p - 2 potions of cancellation
 r - a potion of experience {unknown}
 u - a potion of mutation {unknown}
 w - a potion of resistance {unknown}
Books
 b - a book of Frost

   Spells                             Type                      Level
   a - Freeze                         Ice                          1
   b - Throw Frost                    Conjuration/Ice              2
   c - Ozocubu's Armour               Charms/Ice                   3
   d - Throw Icicle                   Conjuration/Ice              4
   e - Summon Ice Beast               Ice/Summoning                4
Comestibles
 c - 2 meat rations
 s - 2 royal jellies


   Skills:
 - Level 3.0 Fighting
 - Level 1.7 Dodging
 - Level 3.3 Stealth
 + Level 8.1 Unarmed Combat
 - Level 3.4 Spellcasting
 - Level 0.7 Conjurations
 - Level 5.4 Ice Magic


You had 3 spell levels left.
You knew the following spells:

 Your Spells              Type           Power        Failure   Level  Hunger
a - Freeze                Ice            ###.         1%          1    None
b - Ozocubu's Armour      Chrm/Ice       ##......     19%         3    ###....
c - Throw Frost           Conj/Ice       ##....       9%          2    ##.....
d - Summon Ice Beast      Ice/Summ       ##......     52%         4    ####...


Dungeon Overview and Level Annotations

Branches:
Dungeon (7/15)             Temple (0/1) D:7

Altars:
Cheibriados

Shops:
D:6 !   D:7 !

Annotations:
D:4 Sigmund
D:6 exclusion: orc priest
D:7 exclusions: door and spriggan, Serpenta's ghost, novice BaSu


Innate Abilities, Weirdness & Mutations

Your body is rotting away.
You thrive on raw meat.
You are immune to poison.
You have sharp fingernails.
You are carnivorous and can eat meat at any time.
Your flesh is cold resistant. (rC+)
You are immune to negative energy. (rN+++)
You do not regenerate when monsters are visible.
You are immune to unholy pain and torment.
You can survive without breathing.


Message History

Okay, then.
Put on which piece of jewellery? (? for menu, Esc to quit)
Okay, then.
Evoke which item? (* to show all) (? for menu, Esc to quit)
Okay, then.
You fade into invisibility!
The hippogriff closely misses you. The hippogriff pecks you.
* * * LOW HITPOINT WARNING * * *
The hippogriff closely misses you.
You are confused.
You feel invigorated. The hippogriff closely misses you.
The hippogriff pecks you.
* * * LOW HITPOINT WARNING * * *
The hippogriff barely misses you. The hippogriff bites you.
* * * LOW HITPOINT WARNING * * *
The hippogriff barely misses you. The hippogriff claws you.
* * * LOW HITPOINT WARNING * * *
You bump into the rock wall.
The hippogriff bites you.
You die...

#.# #.# ... #.#########.# ..
#.........#.############.##+##
#########.#....>..............
#.#...#....D.)........
#.#...#.########.#####
#.#(..#[# .# #####'#####H# #
#......# #@# #......# #.#
#......# #.# #......####.#
####.....##.# #.....##.#
#.....'..# #.....#### #.....#


You could see a hippogriff.

Vanquished Creatures
  A steam dragon (D:10)
  An ice beast (D:6)
  An ogre (D:10)
  A bullfrog (D:7)
  5 water moccasin zombies (Ossuary)
  A scorpion (D:5)
  3 howler monkeys (D:10)
  A crimson imp (D:6)
  2 quasits
  4 orc priests
  2 orc wizards
  An iguana (D:5)
  A worker ant (D:5)
  A big kobold zombie (Ossuary)
  2 mummies (Ossuary)
  4 adders
  An ooze (D:3)
  2 adder zombies (Ossuary)
  An adder skeleton (D:6)
  A dart slug (D:1)
  A leopard gecko (D:7)
  17 orcs
  2 giant cockroaches
  3 gnoll zombies (Ossuary)
  2 goblins
  2 hobgoblins
  4 kobolds
  3 quokkas
  A ball python zombie (D:5)
  4 hobgoblin zombies (Ossuary)
  6 kobold zombies (Ossuary)
  7 orc zombies (Ossuary)
  A quokka skeleton (D:4)
  3 rats
92 creatures vanquished.

Vanquished Creatures (others)
  2 hobgoblin zombies (Ossuary)
  A kobold zombie (Ossuary)
  An orc zombie (Ossuary)
4 creatures vanquished.

Grand Total: 96 creatures vanquished

Notes
Turn   | Place    | Note
-------+----------+-------------------------------------------
     0 | D:1      | Lavandula the Ghoul Ice Elementalist began the quest for the Orb.
     0 | D:1      | Reached XP level 1. HP: 14/14 MP: 2/2
   157 | D:1      | Reached XP level 2. HP: 20/20 MP: 0/4
   249 | D:2      | Reached skill level 1 in Unarmed Combat
   323 | D:2      | Reached XP level 3. HP: 25/26 MP: 2/5
   328 | D:2      | Learned a level 3 spell: Ozocubu's Armour
   331 | D:2      | Learned a level 2 spell: Throw Frost
   380 | D:3      | Reached skill level 2 in Unarmed Combat
   464 | D:3      | Reached skill level 3 in Unarmed Combat
   464 | D:3      | Reached XP level 4. HP: 21/33 MP: 0/6
   676 | D:3      | Reached XP level 5. HP: 32/41 MP: 1/7
   758 | D:4      | Noticed Sigmund
   788 | D:5      | Entered Level 5 of the Dungeon
  1051 | D:5      | Found a snail-covered altar of Cheibriados.
  1060 | D:5      | Became a worshipper of Cheibriados the Contemplative
  1116 | D:5      | Reached XP level 6. HP: 43/50 MP: 0/8
  1133 | D:5      | Reached skill level 5 in Ice Magic
  1265 | D:6      | Found Gumaem's Distillery.
  1271 | D:6      | Noticed an ice beast
  1298 | D:6      | Killed an ice beast
  1302 | D:6      | Bought a potion of heal wounds for 65 gold pieces
  1302 | D:6      | Bought a potion of degeneration for 13 gold pieces
  1302 | D:6      | Bought a potion of agility for 52 gold pieces
  1330 | D:6      | Noticed an orc warrior
  1358 | D:6      | Reached XP level 7. HP: 14/57 MP: 0/10
  1383 | D:6      | Learned a level 4 spell: Summon Ice Beast
  1699 | D:7      | Found a sand-covered staircase.
  1705 | Ossuary  | Entered an ossuary
  1740 | Ossuary  | Reached skill level 4 in Unarmed Combat
  1744 | Ossuary  | Reached * piety under Cheibriados
  2366 | Ossuary  | Reached skill level 5 in Unarmed Combat
  2752 | Ossuary  | Reached skill level 6 in Unarmed Combat
  2799 | D:7      | Noticed Serpenta's ghost (novice BaSu)
  2817 | D:7      | Found Barghy's Distillery.
  2825 | D:7      | Reached XP level 8. HP: 45/60 MP: 2/12
  2858 | D:7      | Reached skill level 7 in Unarmed Combat
  2891 | D:7      | Noticed a spriggan baker
  3094 | D:7      | Found a staircase to the Ecumenical Temple.
  3123 | D:7      | Got a heavily runed scale mail
  3205 | D:7      | You fall through a shaft for 3 floors!
  3205 | D:10     | Entered Level 10 of the Dungeon
  3287 | D:10     | Noticed a hippogriff
  3303 | D:10     | Reached ** piety under Cheibriados
  3318 | D:10     | Reached skill level 8 in Unarmed Combat
  3320 | D:10     | HP: 3/63 [hippogriff (8)]
  3322 | D:10     | HP: 1/63 [hippogriff (2)]
  3325 | D:10     | Slain by a hippogriff

Vault maps used:
D:1:      matt_arrival_grand_opening, interstate_on_off,
          nemelex_diamond_rough_becter
D:2:      chequers_ecumenical_altar_simple_redux
D:3:      corexii_hall_statues_t
D:4:      eat_drink_and_be_merry_uskayaw, first_bread,
          hangedman_abyss_or_decor_stabs, uniq_sigmund, uniq_pikel
D:5:      cheibriados_altar_1, uniq_duvessa
D:6:      serial_shops, nicolae_shop_statue_plus, grunt_gozag_breadcrumbs,
          uniq_crazy_yiuf_cottage
D:7:      minmay_temple_entry_statues, nicolae_ossuary_entry_plus, serial_shops,
          nicolae_shop_stone, the_bakery
Ossuary:  ossuary_tomb_2

Skill      XL: |  1  2  3  4  5  6  7  8 |
---------------+-------------------------+-----
Spellcasting   | 2 3 |  3.4
Unarmed Combat | 1 3 6 8 |  8.1
Fighting       | 2 3 |  3.0
Ice Magic      | 4 5 |  5.4
Stealth        | 3 |  3.3
Dodging        | |  1.7
Conjurations   | |  0.7

Action                   |  1- 3 |  4- 6 |  7- 9 || total
-------------------------+-------+-------+-------++-------
Melee: Unarmed           |    32 |   114 |   204 ||   350
       Punch             |     1 |       |     3 ||     4
 Cast: Freeze            |    28 |    36 |    11 ||    75
       Ozocubu's Armour  |     1 |     8 |    10 ||    19
       Summon Ice Beast  |       |       |     5 ||     5
Evoke: Wand              |     2 |     1 |     1 ||     4
  Use: Scroll            |     1 |     3 |     3 ||     7
       Potion            |       |     2 |    10 ||    12
 Stab: Sleeping          |     1 |     1 |       ||     2
       Invisible         |       |       |     2 ||     2
  Eat: Chunk             |     7 |    20 |     9 ||    36
Armor: Robe              |    10 |    80 |    64 ||   154
Dodge: Dodged            |    22 |   113 |   122 ||   257
